 Dungeon Crawl Stone Soup version 0.20.0-7-g3b7b877 (webtiles) character file.

24 shpingle the Grave Robber (level 2, 0/12 HPs)
             Began as a Felid Necromancer on May 29, 2017.
             Succumbed to an adder's poison
             ... on level 2 of the Dungeon.
             The game lasted 00:05:12 (1129 turns).

shpingle the Grave Robber (Felid Necromancer)       Turns: 1129, Time: 00:05:13

Health: 0/12       AC:  1    Str:  4    XL:     2   Next: 79%
Magic:  3/6        EV: 18    Int: 16    God:
Gold:   44         SH:  0    Dex: 16    Spells: 3/5 levels left
                                        Lives:  0   Deaths: 0

rFire    x . .     SeeInvis +     - Unarmed
rCold    + . .     Gourm    .   (shield unavailable)
rNeg     + . .     Faith    .   (armour unavailable)
rPois    .         Spirit   .   (helmet unavailable)
rElec    .         Reflect  .   (cloak unavailable)
rCorr    .         Harm     .   (gloves unavailable)
MR       .....                  (boots unavailable)
Stlth    +++.......             (no amulet)
Regen    0.1/turn               c - ring of positive energy
MPRegen  0.1/turn               e - ring of ice

@: lethally poisoned (0 -> -12), very slightly contaminated, quick
A: no armour, no weapons or thrown items, stealth, claws 1, fangs 3, see
invisible, carnivore 3, speed 1, shaggy fur 1, slow metabolism 1, sharp paws
a: no special abilities


You were on level 2 of the Dungeon.
You were completely stuffed.

You visited 1 branch of the dungeon, and saw 2 of its levels.

You collected 44 gold pieces.

Inventory:

Jewellery
 c - a ring of positive energy (left paw)
 e - a ring of ice (right paw)
Scrolls
 d - a scroll of teleportation
Books
 a - a book of Necromancy

   Spells                             Type                      Level
   a - Pain                           Necromancy                   1
   b - Animate Skeleton               Necromancy                   1
   c - Vampiric Draining              Necromancy                   3
   d - Regeneration                   Charms/Necromancy            3
   e - Animate Dead                   Necromancy                   4
   f - Control Undead                 Necromancy                   4
Comestibles
 b - 2 meat rations
 i - a royal jelly


   Skills:
 + Level 1.3 Fighting
 + Level 3.3 Dodging
 - Level 2.6 Stealth
 + Level 1.3 Unarmed Combat
 - Level 2.0 Spellcasting
 - Level 4.0 Necromancy


You had 3 spell levels left.
You knew the following spells:

 Your Spells              Type           Power        Failure   Level  Hunger
a - Pain                  Necr           ##..         4%          1    #......
z - Animate Skeleton      Necr           N/A          4%          1    #......


Dungeon Overview and Level Annotations

Branches:
Dungeon (2/15)

Altars:
Ashenzari


Innate Abilities, Weirdness & Mutations

You cannot wear armour.
You are incapable of wielding weapons or throwing items.
Your paws allow you to move quietly. (Stealth)
You have sharp claws.
You have razor-sharp teeth.
You have supernaturally acute eyesight. (SInv)
You are carnivorous and can eat meat at any time.
You cover ground quickly.
You are covered in fur. (AC +1)
You have a slow metabolism.
Your sharp claws are effective at attacking unaware monsters.


Message History

Okay, then.
As you read the scroll labeled AFUGEGH XOFA, it crumbles to dust.
It is a scroll of identify.
d - a scroll of teleportation
* * * LOW HITPOINT WARNING * * *
You feel sick. The adder bites you.
* * * LOW HITPOINT WARNING * * *
You are more poisoned.
The adder poisons you!
You take 5 damage, and have 2/12 hp.
MASSIVE DAMAGE!!
Blink to where?
Press: ? - help, Dir - move target cursor, p - adder You are very lightly contaminated with residual magic.
As you read the scroll labeled SIBOPN NAOH, it crumbles to dust.
It was a scroll of blinking.
* * * LOW HITPOINT WARNING * * *
You feel sick.
You take 1 damage, and have 1/12 hp.
Okay, then.
You die...

██ ██ .. . █.
.█
█..███.█████
█..█........
██...@█
.█...£█
███+███.█....█
█.....S....█.█
█.....█.█.██..
█.....█.█. +..
█.....█.█ █...
█.....█.█ █.██
█.█>...... ...


There were no monsters in sight!

Vanquished Creatures
  3 leopard geckos
  4 bats
  A giant cockroach (D:1)
  2 hobgoblins (D:1)
  A frilled lizard (D:1)
  2 goblins
  3 kobolds (D:1)
  2 rats (D:1)
18 creatures vanquished.

Vanquished Creatures (collateral kills)
  A ball python (D:1)
  A frilled lizard (D:1)
  A rat (D:1)
3 creatures vanquished.

Grand Total: 21 creatures vanquished

Notes
Turn   | Place    | Note
-------+----------+-------------------------------------------
     0 | D:1      | shpingle the Felid Necromancer began the quest for the Orb.
     0 | D:1      | Reached XP level 1. HP: 7/7 MP: 4/4
     4 | D:1      | Noticed an electric eel
    31 | D:1      | Learned a level 1 spell: Animate Skeleton
   238 | D:1      | Reached skill level 3 in Dodging
   343 | D:1      | Reached XP level 2. HP: 12/12 MP: 4/6
   750 | D:2      | Found a shattered altar of Ashenzari.
  1129 | D:2      | Succumbed to an adder's poison

Skill      XL: |  1  2 |
---------------+-------+-----
Dodging        | 3 |  3.3
Fighting       | 1 |  1.3
Unarmed Combat | 1 |  1.3
Stealth        | |  2.6
Spellcasting   | |  2.0
Necromancy     | |  4.0

Action                   || total
-------------------------++-------
Melee: Unarmed           ||    14
       Bite              ||     1
 Cast: Animate Skeleton  ||    11
       Pain              ||    24
  Use: Scroll            ||     2
       Potion            ||     1
 Stab: Sleeping          ||     6
  Eat: Chunk             ||     8
Armor: Skin              ||     1
Dodge: Dodged            ||    13
